 Dungeon Crawl Stone Soup version 0.24-a0-537-g2d01d4ab0a (webtiles) character file.

Game seed: 955653575241913029

3 Chiseanne the Magician (level 1, 0/13 HPs)
             Began as a Demonspawn Wizard on Aug 14, 2019.
             Slain by a leopard gecko (1 damage)
             ... on level 2 of the Dungeon.
             The game lasted 00:00:50 (304 turns).

Chiseanne the Magician (Demonspawn Wizard)           Turns: 304, Time: 00:00:50

Health: 0/13       AC:  2    Str:  7    XL:     1   Next: 41%
Magic:  0/4        EV: 12    Int: 19    God:
Gold:   13         SH:  0    Dex: 11    Spells: 5/6 levels left

rFire    . . .     SeeInvis .   c - +0 short sword
rCold    . . .     Gourm    .   (no shield)
rNeg     . . .     Faith    .   a - +0 robe
rPois    .         Spirit   .   b - +0 hat
rElec    .         Reflect  .   (no cloak)
rCorr    .         Harm     .   (no gloves)
MR       .....                  (no boots)
Stlth    ++........             (no amulet)
HPRegen  0.04/turn              (no ring)
MPRegen  0.09/turn              (no ring)

@: very slightly contaminated
A: no striking features
a: no special abilities


You were on level 2 of the Dungeon.
You were not hungry.

You visited 1 branch of the dungeon, and saw 2 of its levels.

You collected 13 gold pieces.

Inventory:

Hand Weapons
 c - a +0 short sword (weapon)
Armour
 a - a +0 robe (worn)
 b - a +0 hat (worn)
Comestibles
 d - a ration


   Skills:
 - Level 1.7 Dodging
 - Level 1.7 Stealth
 * Level 3.1 Spellcasting
 * Level 1.2 Conjurations
   Level 1.0 Summonings
   Level 0.8 Translocations


You had 5 spell levels left.
You knew the following spells:

 Your Spells              Type           Power        Failure   Level  Hunger
a - Magic Dart            Conj           #...         9%          1    None

Your spell library contained the following spells:

 Spells                   Type           Power        Failure   Level  Hunger
 Blink                    Tloc           N/A          16%         2    ##.....
 Call Imp                 Summ           #.......     16%         2    ##.....
 Slow                     Hex            #.......     22%         2    ##.....
 Conjure Flame            Conj/Fire      #.......     34%         3    ###....
 Mephitic Cloud           Conj/Pois/Air  #.......     36%         3    ###....


Dungeon Overview and Level Annotations

Branches:
Dungeon (2/15)

Altars:
Ashenzari
Hepliaklqana


Message History

The leopard gecko is moderately wounded.
The leopard gecko closely misses you.
Casting: Magic Dart (safe; 9% risk of failure)
Confirm with . or Enter, or press ? or * to list all spells.
You don't have enough magic to cast that spell.
Casting: Magic Dart (safe; 9% risk of failure)
Confirm with . or Enter, or press ? or * to list all spells.
You don't have enough magic to cast that spell.
You hit the leopard gecko but do no damage.
The leopard gecko is moderately wounded.
The leopard gecko bites you.
You hit the leopard gecko.
The leopard gecko is severely wounded.
The leopard gecko bites you.
* * * LOW HITPOINT WARNING * * *
The leopard gecko bites you but does no damage.
You completely miss the leopard gecko.
The leopard gecko is severely wounded.
The leopard gecko bites you.
You die...

### #.. #.#
###
#.######.....
#..@lK..?..#
###
#..###.#)#.#
##.## #..#
...
##...#####..#
.#.#
#...........#
.....
##...#####.##
## #..
####.## #.#
..# #....#
#.# . .#
#.#### #..
...


You could see a leopard gecko and a kobold.

Vanquished Creatures
  A giant cockroach (D:2)
  A hobgoblin (D:2)
  A rat (D:2)
3 creatures vanquished.

Notes
Turn   | Place    | Note
-------+----------+-------------------------------------------
     0 | D:1      | Chiseanne the Demonspawn Wizard began the quest for the
                  | Orb.
     0 | D:1      | Reached XP level 1. HP: 13/13 MP: 4/4
   244 | D:2      | Found a hazy altar of Hepliaklqana.
   246 | D:2      | Found a shattered altar of Ashenzari.
   304 | D:2      | Slain by a leopard gecko

Levels and vault maps discovered:
D:1:      ldierk_walled_garden, layout_rooms
D:2:      layout_loops_ring, grunt_temple_overflow_order_and_chaos_1,
          nicolae_overflow_hidden_temple, marbit_many_paths, first_ration,
          uniq_sigmund

Action                   || total
-------------------------++-------
Melee: Short sword       ||     8
       Unarmed           ||     2
 Cast: Magic Dart        ||    15
Armor: Robe              ||     9
Dodge: Dodged            ||    19

Table legend:
 A = Non-vault XP
 B = Vault XP
 C = Vault XP percentage of total XP
 D = Non-vault monster count
 E = Vault monster count
 F = Vault count percentage of total count
                 A         B        C        D         E       F
            +---------+---------+-------+---------+---------+-------
      Total |       5 |       0 |   0.0 |       3 |       0 |   0.0
            +---------+---------+-------+---------+---------+-------
        D:2 |       5 |       0 |   0.0 |       3 |       0 |   0.0
            +---------+---------+-------+---------+---------+-------
